 Dungeon Crawl Stone Soup version 0.32-a0-900-g30fb1b0edc (webtiles) character file.

Game seed: 7992569537166189105

228 Heh the Slasher (level 6, 0/47 HPs)
             Began as a Coglin Monk on Apr 5, 2024.
             Slain by a bullfrog (4 damage)
             ... in a sewer.
             The game lasted 00:03:14 (2458 turns).

Heh the Slasher (Coglin Monk)                       Turns: 2458, Time: 00:03:15

Health: 0/47       AC:  4    Str: 12    XL:     6   Next: 2%
Magic:  6/6        EV: 12    Int:  9    God:
Gold:   56         SH:  0    Dex: 18    Spells: 5/5 levels left

rFire   . . .        a - +0 falchion {Suthep}
rCold   . . .        s - +0 long sword {Isabel}
rNeg    . . .        b - +0 robe
rPois   .            f - +1 helmet
rElec   .            (no cloak)
rCorr   .            (no gloves)
SInv    .            (no boots)
Will    .....        (amulet unavailable)
Stlth   +            (ring unavailable)
HPRegen 0.27/turn    (ring unavailable)
MPRegen 0.10/turn    (no gizmo)

%: no passive effects
@: confused, ambrosia-drunk, revved
A: off-hand wielding, slow wielding, warmup strikes, no jewellery
a: Invent Gizmo


You were in a sewer.
You visited 1 branch of the dungeon, and saw 3 of its levels.
You also visited: Sewer.

You collected 56 gold pieces.

Inventory:

Hand Weapons
 a - a +0 falchion (weapon) {Suthep}
 s - a +0 long sword (offhand) {Isabel}
Armour
 b - a +0 robe (worn)
 d - an orb of light
 f - a +1 helmet (worn)
Wands
 i - a wand of charming (11)
Scrolls
 e - a scroll of identify {unknown}
 g - a scroll of blinking
 h - a scroll of vulnerability {unknown}
 k - a scroll of poison {unknown}
 l - a scroll of enchant weapon {unknown}
 m - 2 scrolls of enchant armour {unknown}
 n - a scroll of fear {unknown}
 p - a scroll of teleportation {unknown}
Potions
 o - a potion of degeneration {unknown}
 q - a potion of lignification {unknown}
 r - a potion of might {unknown}


   Skills:
 - Level 3.0 Fighting
 + Level 6.5 Long Blades
 - Level 2.6 Dodging


You had 5 spell levels left.
You didn't know any spells.
Your spell library was empty.

Dungeon Overview and Level Annotations

Branches:
Dungeon (3/15)              Sewer (1/1)

Altars:
Hepliaklqana


Innate Abilities, Weirdness & Mutations

You can wield a second weapon in your off-hand.
It takes a long time for you to wield or remove held weapons.
Your first few attacks do less damage.
You cannot equip rings or amulets.


Message History

You closely miss the bullfrog with your +0 falchion.
You feel less invigorated.
You feel less confused. The bullfrog closely misses you.
The bullfrog misses you.
You hit the bullfrog with your +0 falchion.
The bullfrog is moderately wounded.
You closely miss the bullfrog with your +0 long sword.
The bullfrog hits you. The bullfrog closely misses you.
The bullfrog misses you. The bullfrog barely misses you.
You hit the bullfrog with your +0 falchion.
The bullfrog is moderately wounded.
You completely miss the bullfrog with your +0 long sword.
The bullfrog closely misses you. The bullfrog hits you! x2
* * * LOW HITPOINT WARNING * * *
It was a potion of curing.
You feel better. The bullfrog hits you!
* * * LOW HITPOINT WARNING * * *
The bullfrog hits you but does no damage. x2
Okay, then.
Okay, then.
Press: ? - help, . - travel, g - get item You can't see that place. [Stash: a scorched staff] [the floor.]
You feel better. The bullfrog barely misses you. The bullfrog hits you!
* * * LOW HITPOINT WARNING * * *
The bullfrog hits you but does no damage.
You are confused.
You feel invigorated. The bullfrog hits you. x2
* * * LOW HITPOINT WARNING * * *
The bullfrog hits you.
* * * LOW HITPOINT WARNING * * *
Unknown command.
You slash the bullfrog with your +0 long sword!
The bullfrog is almost dead.
You closely miss the bullfrog with your +0 falchion.
The bullfrog hits you!
* * * LOW HITPOINT WARNING * * *
The bullfrog hits you but does no damage.
The bullfrog barely misses you. The bullfrog hits you.
You die...

~~##~~~## ~~~..~~≈##~~~##~~~##
~~#~~~~# .($$..~≈#.~~.#.~~.#
†~#.~~.# .|$?.~~#~~~~#.~.∩#
~~#~.~.# ~$~~.~#~~.~#~.~.#
~~##~~~## ..~~~#~.~##†.~##
~~~#~~~~## ~.~~#~.~#~~~.#
~~~##~~.~### #††##†~##~~.##
~.~.##~~~~~#######Jw#~~##.~~~#
#~~~~###~~~~~~~~@FJ##~~#~~.~##
##.~~~~####...~..F.#~~~~~~~##
##~~~~~~~#~∩~#######~~~####
#####.~†~#####.~.~~#~.##
#∩~~####.~~~...~~~.####
##~...~#########~.~#
###.∩..~.~†~.~~~~~#
#####.~~~.~~.~.~#
#############


You could see 2 bullfrogs, a dart slug and 2 endoplasms.

Vanquished Creatures
  Jessica (D:2)
  5 adders
  4 ribbon worms
  7 dart slugs (Sewer)
  13 endoplasms
  13 giant cockroaches
  8 hobgoblins
  24 jackals
  3 quokkas
  18 ball pythons
  4 bats
  11 frilled lizards
  3 goblins
  3 kobolds
  4 rats
121 creatures vanquished.

Notes
Turn   | Place    | Note
-------+----------+-------------------------------------------
     0 | D:1      | Heh the Coglin Monk began the quest for the Orb.
     0 | D:1      | Reached XP level 1. HP: 18/18 MP: 1/1
    72 | D:1      | Reached XP level 2. HP: 9/24 MP: 2/2
   323 | D:1      | Reached skill level 4 in Long Blades
   376 | D:1      | Reached XP level 3. HP: 29/29 MP: 3/3
   974 | D:2      | Noticed Jessica
   982 | D:2      | Killed Jessica
   983 | D:2      | Reached XP level 4. HP: 30/35 MP: 4/4
  1051 | D:2      | Found a hazy altar of Hepliaklqana.
  1060 | D:2      | Reached skill level 5 in Long Blades
  1646 | D:2      | Reached XP level 5. HP: 41/41 MP: 5/5
  1692 | D:2      | You fall into a shaft and drop 1 floor!
  1909 | D:3      | Found a glowing drain.
  2035 | Sewer    | Entered a sewer
  2115 | Sewer    | Reached skill level 6 in Long Blades
  2422 | Sewer    | Reached XP level 6. HP: 47/47 MP: 6/6
  2458 | Sewer    | Slain by a bullfrog

Illustrated notes

Levels and vault maps discovered:
D:1:      spicycebolla_green_bress_n_ham, layout_loops_ring, dk_noncrumbling_4,
          chequers_serial_rivers_micro_d, hex_medium, minmay_tiny_reverse_x
D:2:      layout_rooms, basic_altar, minmay_misc_feat_tiny, uniq_jessica
D:3:      layout_rooms, lightli_temple_of_fire, cheibrodos_sewer_entry_sluice,
          minmay_strange_pillars, patterned_corridor
Sewer:    sewer_frog_island_02

Skill      XL: |  1  2  3  4  5 |
---------------+----------------+-----
Long Blades    | 4 5 6 |  6.5
Fighting       | |  3.0
Dodging        | |  2.6

Action                     |  1- 3 |  4- 6 || total
---------------------------+-------+-------++-------
  Melee: Falchion          |    88 |   219 ||   307
         Long sword        |       |   102 ||   102
    Use: Potion            |       |     4 ||     4
 Armour: Robe              |    50 |   156 ||   206
  Dodge: Dodged            |    63 |   193 ||   256

Table legend: (Time is in decaauts)
 A = Elapsed time spent in this place.
 B = Non-inter-level travel time spent in this place.
 C = Inter-level travel time spent in this place.
 D = Time resting spent in this place.
 E = Time spent auto-exploring this place.
 F = Levels seen in this place.
 G = Mean time per level.
                   A        B        C        D        E       F      G
               +--------+--------+--------+--------+--------+-----+--------+
         Total |   2531 |   2464 |     67 |     60 |   1769 |   4 |  632.8 |
       Dungeon |   2049 |   1982 |     67 |     60 |   1513 |   3 |  683.0 |
         Sewer |    481 |    481 |      0 |      0 |    256 |   1 |  481.0 |
               +--------+--------+--------+--------+--------+-----+--------+

Top non-repeatable levels by time:
     D:1: 973 daAuts
     D:2: 730 daAuts
   Sewer: 481 daAuts
     D:3: 345 daAuts
